 Dungeon Crawl Stone Soup version 0.17-a0-2098-gf59d6bc (webtiles) character file.

652 4thArraOfDagon the Firebug (level 7, -14/36 HPs)
             Began as a Deep Elf Fire Elementalist on Oct 17, 2015.
             Was an Initiate of Vehumet.
             Demolished by a troll (15 damage)
             ... on level 9 of the Dungeon.
             The game lasted 00:09:31 (1268 turns).

4thArraOfDagon the Firebug (DEFE)                   Turns: 1268, Time: 00:09:31

Health: -14/36     AC: 10    Str:  7    XL:     7   Next: 28%
Magic:  0/17       EV: 13    Int: 22    God:    Vehumet [......]
Gold:   118        SH:  0    Dex: 15    Spells: 4 memorised, 3 levels left

rFire  . . .     SeeInvis .     n - +1 flail (protect)
rCold  . . .     Clarity  .     m - +0 robe (curse)
rNeg   . . .     SustAt   .     (no shield)
rPois  +         Gourm    .     (no helmet)
rElec  .         Spirit   .     j - +0 cloak
rCorr  .         Warding  .     d - +0 pair of gloves
rMut   .         Stasis   .     p - +1 pair of boots
MR     .....                    (no amulet)
Stlth  +++.......               k - ring of poison resistance
                                s - ring of stealth

@: very slightly contaminated, not resistant to hostile enchantments, fairly
stealthy
A: blurry vision 1, deformed body, strong 1
a: Renounce Religion


You were on level 9 of the Dungeon.
You worshipped Vehumet.
Vehumet was noncommittal.
You were not hungry.

You visited 2 branches of the dungeon, and saw 10 of its levels.

You collected 118 gold pieces.

Inventory:

Hand Weapons
 n - a +1 flail of protection (weapon)
Armour
 d - a +0 pair of gloves (worn)
 j - a +0 cloak (worn)
 m - a cursed +0 robe (worn)
 p - a +1 pair of boots (worn)
Jewellery
 k - a ring of poison resistance (right hand)
 s - a ring of stealth (left hand)
Wands
 r - a wand of polymorph (1)
 t - a wand of random effects (12)
Scrolls
 e - a scroll of recharging
 f - a scroll of blinking
 l - a scroll of brand weapon {unknown}
 o - a scroll of amnesia
Potions
 h - a potion of brilliance
Books
 b - a book of Flames

   Spells                             Type                      Level
   a - Flame Tongue                   Conjuration/Fire             1
   b - Throw Flame                    Conjuration/Fire             2
   c - Conjure Flame                  Conjuration/Fire             3
   d - Inner Flame                    Hexes/Fire                   3
   e - Sticky Flame                   Conjuration/Fire             4
   f - Fireball                       Conjuration/Fire             5
 q - a book of Transfigurations

   Spells                             Type                      Level
   a - Stoneskin                      Transmutation/Earth          2
   b - Irradiate                      Conjuration/Transmutation    5
   c - Statue Form                    Transmutation/Earth          6
   d - Hydra Form                     Transmutation                6
   e - Dragon Form                    Transmutation                7
Comestibles
 c - 4 bread rations
 g - a meat ration
 i - a slice of pizza


   Skills:
 - Level 2.4 Dodging
 - Level 2.4 Stealth
 + Level 5.4 Spellcasting
 * Level 5.3 Conjurations
 * Level 6.3 Fire Magic
 + Level 1.4 Evocations


You had 3 spell levels left.
You knew the following spells:

 Your Spells              Type           Power        Failure   Level  Hunger
a - Flame Tongue          Conj/Fire      ####.        1%          1    None
b - Conjure Flame         Conj/Fire      ####....     2%          3    ##.....
c - Sticky Flame          Conj/Fire      ####....     12%         4    ####...
d - Fireball              Conj/Fire      ####......   28%         5    #####..


Dungeon Overview and Level Annotations

Branches:
Dungeon (9/15)             Temple (1/1) D:6            Lair (0/8) D:9
    Orc: D:9-12

Altars:
Ashenzari
Cheibriados
Elyvilon
Fedhas
Kikubaaqudgha
Makhleb
Qazlal
Ru
Sif Muna
Trog
Vehumet
Xom
Yredelemnul
Zin


Innate Abilities, Weirdness & Mutations

Scrolls take you a little longer to read.
Armour fits poorly on your strangely shaped body.
Your muscles are strong. (Str +2)


Message History

Okay, then.
Drink which item? (? for menu, Esc to quit)
You feel better. Something bites you but does no damage. Something claws you!
* * * LOW HITPOINT WARNING * * *
Something claws you.
* * * LOW HITPOINT WARNING * * *
Unknown command.
Unknown command.
Unknown command.
Unknown command.
Unknown command.
You see here a yak corpse.
Unknown command.
Casting: Sticky Flame
Confirm with . or Enter, or press ? or * to list all spells.
Aiming: Sticky Flame
Press: ? - help, Shift-Dir - straight line The sticky flame hits something.
The troll is covered in liquid flames!
The troll burns!
The troll bites you!
You die...

#F.. ..# ... ...# ..
.P...#.## ...P....#
PP..P(#<##### ..P...#.....#
########+##
PP.P...####.######.........#
.PP.P........#@T.'.........#
PrPP.P...†.....###.........#
PPrPPP.......### #.........#
bPP.P.P......# #.........#
>bPP.P.......# #.........#
PPP.P..P#.#### #.........#
P..PPP....# ###'#######


PPPPPP....# #.. .PPP..#.## ###. You could see a troll (burning).

Vanquished Creatures
  A yak (D:9)
  2 ice beasts (D:5)
  A centaur (D:5)
  3 wights (D:7)
  A jelly (D:6)
  An orc wizard (D:3)
  An iguana (D:5)
  3 adders
  A giant gecko (D:3)
  5 orcs
  4 bats
  4 giant cockroaches
  2 hobgoblins (D:3)
  A jackal (D:1)
  2 kobolds
  3 quokkas
  A giant gecko skeleton (D:4)
  A giant newt (D:5)
  2 goblins
  A quokka zombie (D:6)
  3 rats
43 creatures vanquished.

Vanquished Creatures (others)
  A goblin (D:1)
  2 fungi (D:9)
3 creatures vanquished.

Grand Total: 46 creatures vanquished

Notes
Turn   | Place    | Note
--------------------------------------------------------------
     0 | D:1      | 4thArraOfDagon the Deep Elf Fire Elementalist began the quest for the Orb.
     0 | D:1      | Reached XP level 1. HP: 10/10 MP: 6/6
    98 | D:1      | useless rings
   166 | D:1      | Reached XP level 2. HP: 6/15 MP: 1/8
   278 | D:3      | Found a shattered altar of Ashenzari.
   386 | D:3      | Reached skill level 4 in Fire Magic
   386 | D:3      | Reached XP level 3. HP: 5/19 MP: 3/10
   391 | D:3      | Learned a level 3 spell: Conjure Flame
   541 | D:4      | Gained mutation: Your muscles are strong. (Str +2) [potion of mutation]
   541 | D:4      | Gained mutation: Armour fits poorly on your strangely shaped body. [potion of mutation]
   541 | D:4      | Gained mutation: Scrolls take you a little longer to read. [potion of mutation]
   542 | D:4      | :)
   645 | D:5      | Entered Level 5 of the Dungeon
   674 | D:4      | Noticed a slave
   710 | D:5      | Noticed a centaur
   720 | D:5      | Killed a centaur
   720 | D:5      | Reached XP level 4. HP: 20/24 MP: 7/12
   720 | D:5      | Reached XP level 5. HP: 23/28 MP: 7/13
   729 | D:5      | Learned a level 4 spell: Sticky Flame
   799 | D:5      | Noticed an ice beast
   819 | D:5      | Killed an ice beast
   819 | D:5      | Reached skill level 5 in Fire Magic
   819 | D:5      | Reached XP level 6. HP: 32/32 MP: 6/15
   826 | D:5      | Learned a level 5 spell: Fireball
   885 | D:5      | Noticed an ice beast
   890 | D:5      | Killed an ice beast
   890 | D:5      | Reached skill level 5 in Spellcasting
   903 | D:6      | Found a staircase to the Ecumenical Temple.
   920 | Temple   | Entered the Ecumenical Temple
   942 | Temple   | Became a worshipper of Vehumet
  1073 | D:7      | Reached skill level 5 in Conjurations
  1073 | D:7      | Reached skill level 6 in Fire Magic
  1073 | D:7      | Reached skill level 1 in Evocations
  1073 | D:7      | Reached XP level 7. HP: 24/36 MP: 5/16
  1196 | D:9      | Noticed a yak
  1209 | D:9      | Found a staircase to the Lair.
  1233 | D:9      | Killed a yak
  1241 | D:9      | Noticed a troll
  1264 | D:9      | :)
  1264 | D:9      | HP: 1/36 [something (5)]
  1268 | D:9      | Demolished by a troll

Vault maps used:
D:1:      dpeg_arrival_simpleton_b, minivault_19, solitary_fountain,
          hangedman_abyss_or_decor_lesser_grid, monster_avoids_cloud
D:2:      wad_river_or_something, grunt_temple_overflow_open, uniq_sigmund,
          uniq_crazy_yiuf_cottage
D:3:      nicolae_ashenzari_panopticon, ecumenical_altar_2, first_bread,
          grunt_decor_mini_mirrors
D:4:      corexii_shack_village, hangedman_decor_clover_reticule, uniq_pikel
D:5:      basic_altar
D:6:      kennysheep_kobold_camp, minmay_temple_entry_purple_smoke,
          nicolae_ru_the_path_less_chosen
D:8:      minmay_misc_feat_tower, uniq_erica
D:9:      grunt_gozag_breadcrumbs, due_lair_maze_entry_diamond,
          hangedman_tell_no_tales, uniq_grum
Temple:   circular_temple_13

Action                   |  1- 3 |  4- 6 |  7- 9 || total
-------------------------+-------+-------+-------++-------
Melee: Dagger            |     2 |       |       ||     2
       Unarmed           |     1 |       |       ||     1
       Spear             |    10 |       |       ||    10
       Flail             |       |     9 |     2 ||    11
 Cast: Flame Tongue      |    45 |    36 |     6 ||    87
       Sticky Flame      |       |     2 |     2 ||     4
       Conjure Flame     |       |       |     2 ||     2
Evoke: Wand              |       |       |     5 ||     5
  Use: Potion            |     4 |       |     1 ||     5
       Scroll            |     5 |     4 |       ||     9
 Stab: Sleeping          |     2 |     1 |       ||     3
  Eat: Fruit             |     5 |       |       ||     5
